 Dungeon Crawl Stone Soup version 0.19.1-1-g22dce08 (webtiles) character file.

7 sveltemanboy the Caller (level 1, -9/14 HPs)
             Began as a Draconian Summoner on Jan 11, 2017.
             Mangled by a kobold
             ... wielding a +2 whip of electrocution
              (11 damage)
             ... on level 1 of the Dungeon.
             The game lasted 00:01:33 (540 turns).

sveltemanboy the Caller (Draconian Summoner)         Turns: 540, Time: 00:01:34

Health: -9/14      AC:  5    Str: 10    XL:     1   Next: 91%
Magic:  1/3        EV: 12    Int: 15    God:
Gold:   39         SH:  0    Dex: 11    Spells: 1 memorised, 3 levels left

rFire  . . .     SeeInvis .     e - +0 short sword (curse)
rCold  . . .     Gourm    .     (armour unavailable)
rNeg   . . .     Faith    .     (no shield)
rPois  .         Spirit   .     (helmet restricted)
rElec  .         Reflect  .     (no cloak)
rCorr  .         Harm     .     (no gloves)
MR     .....                    j - +0 pair of boots
Stlth  ++........               (no amulet)
                                (no ring)
                                (no ring)

@: no status effects
A: unfitting armour, cold-blooded, AC +4
a: no special abilities


You were on level 1 of the Dungeon.
You were not hungry.

You visited 1 branch of the dungeon, and saw 1 of its levels.

You collected 39 gold pieces.

Inventory:

Hand Weapons
 e - a cursed +0 short sword (weapon)
Armour
 j - a +0 pair of boots (worn)
Scrolls
 f - a scroll of blinking {unknown}
 g - 2 scrolls of identify {unknown}
 k - a scroll of remove curse {unknown}
Potions
 d - a potion of curing {unknown}
 h - a potion of heal wounds {unknown}
 m - a potion of cancellation {unknown}
 n - a potion of might {unknown}
Books
 a - a book of Callings

   Spells                             Type                      Level
   a - Summon Small Mammal            Summoning                    1
   b - Call Imp                       Summoning                    2
   c - Call Canine Familiar           Summoning                    3
   d - Summon Guardian Golem          Hexes/Summoning              3
   e - Summon Lightning Spire         Summoning/Air                4
   f - Summon Ice Beast               Ice/Summoning                4
Comestibles
 b - 3 bread rations
 c - 2 beef jerkies
 i - 4 fruits
 l - 4 chunks of flesh


   Skills:
 - Level 1.7 Dodging
 - Level 1.7 Stealth
 - Level 2.0 Spellcasting
 + Level 4.4 Summonings


You had 3 spell levels left.
You knew the following spells:

 Your Spells              Type           Power        Failure   Level  Hunger
a - Summon Small Mammal   Summ           ##..         4%          1    #......


Dungeon Overview and Level Annotations

Branches:
Dungeon (1/15)

Altars:


Innate Abilities, Weirdness & Mutations

Your plain brown scales are hard. (AC +4)
You cannot fit into any form of body armour.
You are cold-blooded and may be slowed by cold attacks.


Message History

Found 24 bolts.
Found a stone staircase leading down.
The kobold hits you with a whip of electrocution.
Your magical contamination has completely faded away.
You barely miss the kobold. Your bat hits the kobold.
The kobold hits you with a whip of electrocution.
* * * LOW HITPOINT WARNING * * *
Your rat barely misses the kobold.
You are too injured to fight recklessly!
You are too injured to fight recklessly!
Your rat disappears in a puff of smoke!
Your bat hits the kobold but does no damage.
Your bat barely misses the kobold.
Your bat misses the kobold.
Casting: Summon Small Mammal
Confirm with . or Enter, or press ? or * to list all spells.
Your bat closely misses the kobold.
The kobold hits you with a whip of electrocution.
* * * LOW HITPOINT WARNING * * *
You are electrocuted!
Ouch! That really hurt!
You die...

#.>......(. .......
#.........# #######
#.........# #....
#.........######.###
#.......(.+....÷....
#.........#######.##
#r....# ###....
#####.b...# ##......
#....@K.†.#####.....≈.
#.............#..#...≈
#.....#######.....#.§≈
####### #....(.#..
#...≈...#§ #....≈≈..#
#......≈≈. #........≈
##.######.


You could see a kobold, a friendly quokka and a friendly bat.

Vanquished Creatures
  A hobgoblin (D:1)
  A ball python (D:1)
  3 bats (D:1)
  2 frilled lizards (D:1)
  A kobold (D:1)
  A rat (D:1)
9 creatures vanquished.

Vanquished Creatures (collateral kills)
  2 jackals (D:1)
2 creatures vanquished.

Grand Total: 11 creatures vanquished

Notes
Turn   | Place    | Note
-------+----------+-------------------------------------------
     0 | D:1      | sveltemanboy the Draconian Summoner began the quest for the Orb.
     0 | D:1      | Reached XP level 1. HP: 14/14 MP: 3/3
   540 | D:1      | Mangled by a kobold

Action                   || total
-------------------------++-------
Melee: Short sword       ||    33
       Tailslap          ||     3
 Cast: Summon Small Mamm ||    17
 Stab: Sleeping          ||     1
Armor: Skin              ||    16
Dodge: Dodged            ||    27
